 Dungeon Sprint DCSS version 0.22-a0-858-g985ef60 (webtiles) character file.

16000000 protoss039 the Axe Maniac (level 27, -3/273 HPs)
             Began as a Ghoul Gladiator on July 27, 2018.
             Was the Champion of Makhleb.
             Slain by a fleshlord
             ... wielding a +9 great mace
              (243 damage)
             ... in the Dungeon (Sprint VIII: "Arena of Blood").
             The game lasted 00:10:32 (160 turns).

protoss039 the Axe Maniac (Ghoul Gladiator)          Turns: 160, Time: 00:10:33

Health: -3/273     AC:  8    Str: 22    XL:     27
Magic:  43/53      EV: 34    Int:  3    God:    Makhleb [******]
Gold:   0          SH:  0    Dex: 19    Spells: 80/80 levels left

rFire    . . .     SeeInvis +   k - +∞ Axe of Woe
rCold    + . .     Gourm    .   (shield currently unavailable)
rNeg     + + +     Faith    .   a - +0 leather armour
rPois    ∞         Spirit   .   b - +0 helmet
rElec    .         Reflect  .   (no cloak)
rCorr    .         Harm     .   (no gloves)
MR       ++...     NoTele   +   (no boots)
Stlth    ++++......             (no amulet)
HPRegen  0.00/turn              l - ring of see invisible
MPRegen  0.33/turn              (no ring)

@: rotting, slowed, very slow
A: rotting body, claws 1, carnivore, cold resistance 1, negative energy
resistance 3, inhibited regeneration, torment resistance, unbreathing
0: Orb of Zot
a: Minor Destruction, Lesser Servant of Makhleb, Major Destruction, Greater
Servant of Makhleb, Renounce Religion


You were in the Dungeon.
You worshipped Makhleb.
Makhleb was exalted by your worship.
You were not hungry.

You visited 1 branch

Inventory:

Hand Weapons
 k - the +∞ Axe of Woe (weapon)
   (You found it in the Dungeon)
Missiles
 c - 3 throwing nets (quivered)
Armour
 a - a +0 leather armour (worn)
 b - a +0 helmet (worn)
Jewellery
 l - a ring of see invisible (left claw)
Scrolls
 j - a scroll of blinking
Potions
 e - a potion of curing
 f - a potion of heal wounds
 g - a potion of haste
 h - 2 potions of magic
 i - a potion of berserk rage
Comestibles
 d - a ration


   Skills:
 O Level 27 Fighting
 O Level 27 Axes
 O Level 27 Throwing
 O Level 27 Armour
 O Level 27 Dodging
 O Level 27 Stealth
 O Level 27 Unarmed Combat
 O Level 27 Spellcasting
 O Level 27 Invocations


You had 80 spell levels left.
You didn't know any spells.
Your spell library was empty.

Dungeon Overview and Level Annotations

Branches:
Dungeon (1/1)

Altars:
Makhleb


Innate Abilities, Weirdness & Mutations

Your body is rotting away.
You thrive on raw meat.
You are immune to poison.
You have sharp fingernails.
You are carnivorous and can eat meat at any time.
Your flesh is cold resistant. (rC+)
You are immune to negative energy. (rN+++)
You do not regenerate when monsters are visible.
You are immune to unholy pain and torment.
You can survive without breathing.


Message History

You destroy the tyrant!
Makhleb accepts your kill.
The large abomination disappears in a puff of smoke! x3
You hit the small abomination.
You chop the small abomination into pieces.
You destroy the small abomination!
Makhleb accepts your kill.
You slice the bag of meat!!
You dissect the bag of meat like a pig carcass.
You kill the bag of meat!
Makhleb accepts your kill.
You are engulfed in blazing flames.
The destroyer blinks!
The bag of meat is engulfed in blazing flames.
The accursed casts a spell at you. Something smites you!
The scourge is engulfed in blazing flames.
The scourge bites you but does no damage.
The fleshlord hits you with a +9 great mace!!!!!
Ouch! That really hurt!
You die...

.....o..))).......
......%%).)..%%..
..#.))o))†#..... .
. #...))..#...2.
..###...))§.###p..
......###%Oo.G.D.
O.%....)_))x......
.....#§)o)O#......
.o.M.#§S@W_#§.....
.... #W)op.#..oM..
....o%§o§oVWz§....
......###.SVoW..o
..###.. ..§###p.o
. #.O oo.# . #..
.XM# .D. .....


You could see an accursed, an eight-headed meat hydra, 2 destroyers, an observer
(invisible), 2 scourges, 3 fleshlords, a sculptor of flesh, a large bag of meat
(inner flame), 3 wretched souls, a dread, 2 meat berserkers, 8 bags of meat and
a crawling corpse.

Vanquished Creatures
  Dispater (D)
  7 hell knights (D)
  Sigmund (D)
  7 hell beasts (D)
  8 greater mummies (D)
  8 great orbs of eyes (D)
  9 wraiths (D)
  Harold (D)
  25 vampire knights (D)
  42 ogres (D)
  6 two-headed ogres (D)
  11 liches (D)
  9 hydras (D)
  114 orcs (D)
  5 phantoms (D)
  5 skeletal warriors (D)
  7 sea snakes (D)
  13 large abominations (D)
  8 small abominations (D)
  10 crawling corpses (D)
297 creatures vanquished.

Vanquished Creatures (others)
  2 ball lightnings (D)
  A crawling corpse (D)
3 creatures vanquished.

Grand Total: 300 creatures vanquished

Notes
Turn   | Place    | Note
-------+----------+-------------------------------------------
     0 | D        | Found the +∞ Axe of Woe
     0 | D        | protoss039 the Ghoul Gladiator began the quest for the Orb.
     0 | D        | Reached XP level 1. HP: 17/17 MP: 0/0
     2 | D        | Noticed a bag of meat
     4 | D        | Became a worshipper of Makhleb the Destroyer
     4 | D        | Noticed a bag of meat
     6 | D        | Noticed a meat berserker
     7 | D        | Killed a bag of meat
     7 | D        | Reached XP level 2. HP: 47/47 MP: 0/9
     7 | D        | Reached XP level 3. HP: 53/53 MP: 0/10
     7 | D        | Reached XP level 4. HP: 61/61 MP: 0/12
     7 | D        | Reached XP level 5. HP: 68/68 MP: 0/13
     7 | D        | Reached XP level 6. HP: 75/75 MP: 0/15
     7 | D        | Reached XP level 7. HP: 82/82 MP: 0/16
     7 | D        | Reached XP level 8. HP: 90/90 MP: 0/17
     7 | D        | Reached XP level 9. HP: 96/96 MP: 0/18
     7 | D        | Reached XP level 10. HP: 104/104 MP: 0/19
     7 | D        | Reached XP level 11. HP: 111/111 MP: 0/20
     7 | D        | Reached XP level 12. HP: 118/118 MP: 0/21
     8 | D        | Killed a bag of meat
     8 | D        | Reached * piety under Makhleb
     8 | D        | Reached XP level 13. HP: 130/130 MP: 0/24
     9 | D        | Killed a meat berserker
     9 | D        | Reached XP level 14. HP: 146/146 MP: 0/26
     9 | D        | Noticed a meat berserker
    11 | D        | Noticed a bag of meat
    11 | D        | Noticed a bag of meat
    11 | D        | Noticed a bag of meat
    11 | D        | Noticed a bag of meat
    12 | D        | Noticed a bag of meat
    12 | D        | Noticed a bag of meat
    12 | D        | Noticed a bag of meat
    12 | D        | Noticed a bag of meat
    12 | D        | Noticed a bag of meat
    12 | D        | Noticed a meat berserker
    12 | D        | Noticed a bag of meat
    13 | D        | Noticed a bag of meat
    13 | D        | Noticed a bag of meat
    13 | D        | Noticed a bag of meat
    14 | D        | Killed a meat berserker
    14 | D        | Reached XP level 15. HP: 157/157 MP: 1/28
    14 | D        | Reached ** piety under Makhleb
    14 | D        | Reached XP level 16. HP: 167/167 MP: 1/29
    14 | D        | Noticed a meat berserker
    15 | D        | Noticed a large bag of meat
    17 | D        | Killed a meat berserker
    17 | D        | Reached skill level 27 in Axes
    17 | D        | Reached XP level 17. HP: 181/181 MP: 2/31
    17 | D        | Reached *** piety under Makhleb
    17 | D        | Reached XP level 18. HP: 199/199 MP: 2/34
    19 | D        | Noticed a large bag of meat
    20 | D        | Reached **** piety under Makhleb
    20 | D        | Reached skill level 27 in Fighting
    20 | D        | Reached skill level 27 in Invocations
    20 | D        | Reached skill level 27 in Dodging
    20 | D        | Reached XP level 19. HP: 207/207 MP: 2/35
    20 | D        | Reached ***** piety under Makhleb
    20 | D        | Reached skill level 10 in Spellcasting
    20 | D        | Reached skill level 15 in Stealth
    21 | D        | Reached skill level 15 in Throwing
    21 | D        | Reached skill level 15 in Armour
    21 | D        | Reached XP level 20. HP: 216/216 MP: 3/37
    21 | D        | Reached skill level 15 in Spellcasting
    21 | D        | Reached ****** piety under Makhleb
    21 | D        | Noticed a large bag of meat
    22 | D        | Noticed a meat berserker
    23 | D        | Killed a meat berserker
    23 | D        | Reached XP level 21. HP: 224/224 MP: 3/42
    23 | D        | Reached skill level 27 in Stealth
    23 | D        | Reached XP level 22. HP: 233/233 MP: 3/46
    23 | D        | Killed a large bag of meat
    23 | D        | Reached skill level 27 in Unarmed Combat
    25 | D        | Reached XP level 23. HP: 240/240 MP: 4/50
    26 | D        | Killed a large bag of meat
    26 | D        | Reached skill level 27 in Throwing
    26 | D        | Reached skill level 27 in Armour
    26 | D        | Reached skill level 27 in Spellcasting
    27 | D        | Reached XP level 24. HP: 249/249 MP: 4/53
    27 | D        | Noticed a destroyer
    28 | D        | Killed a large bag of meat
    32 | D        | Reached XP level 25. HP: 257/257 MP: 5/53
    39 | D        | Killed a destroyer
    40 | D        | Reached XP level 26. HP: 266/266 MP: 8/53
    45 | D        | Noticed a destroyer
    46 | D        | Noticed a destroyer
    47 | D        | Killed a destroyer
    47 | D        | Reached XP level 27. HP: 273/273 MP: 9/53
    48 | D        | Noticed a tyrant
    49 | D        | Noticed a destroyer
    52 | D        | Noticed a tyrant
    52 | D        | Noticed a destroyer
    55 | D        | Killed a destroyer
    56 | D        | Noticed a destroyer
    56 | D        | Noticed a destroyer
    56 | D        | Noticed a tyrant
    57 | D        | Noticed a destroyer
    59 | D        | Killed a tyrant
    59 | D        | Killed a destroyer
    60 | D        | Noticed a destroyer
    61 | D        | Killed a destroyer
    63 | D        | Killed a tyrant
    64 | D        | Noticed a meat beast
    65 | D        | Killed a destroyer
    66 | D        | Noticed The Servant
    67 | D        | Killed a tyrant
    67 | D        | Killed a destroyer
    69 | D        | Killed a meat beast
    70 | D        | Killed a destroyer
    71 | D        | Noticed a destroyer
    71 | D        | Noticed a meat beast
    71 | D        | Noticed a dread
    71 | D        | Noticed a dread
    72 | D        | Killed a destroyer
    74 | D        | Noticed a dread
    75 | D        | Killed a meat beast
    76 | D        | Killed a destroyer
    79 | D        | Noticed a meat beast
    80 | D        | Killed a dread
    80 | D        | Killed a dread
    80 | D        | Noticed an accursed
    80 | D        | Noticed an accursed
    81 | D        | Noticed a meat beast
    82 | D        | Killed a meat beast
    83 | D        | Killed a dread
    84 | D        | Noticed a destroyer
    85 | D        | Noticed a destroyer
    86 | D        | Killed an accursed
    86 | D        | Killed a meat beast
    86 | D        | Noticed a meat beast
    88 | D        | Killed The Servant
    91 | D        | Killed a meat beast
    92 | D        | Noticed a tyrant
    92 | D        | Noticed a tyrant
    93 | D        | Killed a destroyer
    93 | D        | Killed a destroyer
    94 | D        | Noticed a tyrant
    94 | D        | Noticed a large bag of meat
    95 | D        | Killed an accursed
    95 | D        | Noticed an accursed
    96 | D        | Noticed a large bag of meat
    96 | D        | Noticed an accursed
    98 | D        | Noticed an accursed
   100 | D        | Noticed a dread
   101 | D        | Killed a tyrant
   101 | D        | Noticed a meat beast
   103 | D        | Killed a tyrant
   103 | D        | Killed an accursed
   105 | D        | Killed a large bag of meat
   107 | D        | Noticed a tyrant
   108 | D        | Killed an accursed
   110 | D        | Killed a tyrant
   110 | D        | Noticed The Captor
   111 | D        | Noticed a meat beast
   112 | D        | Killed a large bag of meat
   113 | D        | Noticed a destroyer
   114 | D        | Killed a meat beast
   114 | D        | Noticed an accursed
   114 | D        | Noticed a destroyer
   116 | D        | Killed an accursed
   116 | D        | Killed a dread
   116 | D        | Noticed an accursed
   117 | D        | Killed a tyrant
   117 | D        | Noticed a destroyer
   118 | D        | Noticed a tyrant
   119 | D        | Killed The Captor
   119 | D        | Killed a destroyer
   120 | D        | Noticed a dread
   121 | D        | Noticed a destroyer
   123 | D        | Killed an accursed
   123 | D        | Noticed a tyrant
   123 | D        | Noticed a dread
   124 | D        | Killed a tyrant
   125 | D        | Killed a destroyer
   127 | D        | Noticed a fleshlord
   127 | D        | Noticed an accursed
   128 | D        | Killed a destroyer
   128 | D        | Noticed a fleshlord
   130 | D        | Killed a tyrant
   130 | D        | Killed a dread
   130 | D        | Noticed a destroyer
   131 | D        | Killed a fleshlord
   132 | D        | Killed an accursed
   133 | D        | Noticed a destroyer
   133 | D        | Noticed a dread
   133 | D        | Noticed a destroyer
   134 | D        | Killed an accursed
   134 | D        | Killed a destroyer
   134 | D        | Noticed a fleshlord
   136 | D        | Killed a dread
   136 | D        | Killed a destroyer
   137 | D        | Noticed a destroyer
   139 | D        | Killed a fleshlord
   139 | D        | Noticed a dread
   139 | D        | Noticed a destroyer
   140 | D        | Killed a destroyer
   140 | D        | Killed a destroyer
   140 | D        | Noticed a fleshlord
   142 | D        | Killed a fleshlord
   142 | D        | Killed a destroyer
   142 | D        | Killed a dread
   143 | D        | Noticed a tyrant
   143 | D        | Noticed a destroyer
   143 | D        | Noticed a destroyer
   144 | D        | Noticed an accursed
   145 | D        | Noticed a large bag of meat
   145 | D        | Noticed a fleshlord
   146 | D        | Noticed a destroyer
   146 | D        | Noticed a fleshlord
   146 | D        | Noticed The Meatlord
   147 | D        | Killed a dread
   147 | D        | Noticed a destroyer
   148 | D        | Killed a destroyer
   149 | D        | Noticed a fleshlord
   149 | D        | Noticed a tyrant
   149 | D        | Noticed a dread
   150 | D        | Killed a fleshlord
   150 | D        | Killed a destroyer
   150 | D        | Killed a destroyer
   150 | D        | Noticed a destroyer
   152 | D        | Killed a fleshlord
   153 | D        | Noticed a destroyer
   153 | D        | Killed a fleshlord
   154 | D        | Killed The Meatlord
   154 | D        | Killed a large bag of meat
   154 | D        | Noticed a tyrant
   154 | D        | Noticed a fleshlord
   155 | D        | Killed a destroyer
   155 | D        | Killed a dread
   155 | D        | Noticed a dread
   156 | D        | Killed a destroyer
   156 | D        | Killed a meat beast
   157 | D        | Got the Orb of Zot
   157 | D        | Noticed a large bag of meat
   158 | D        | Noticed a destroyer
   158 | D        | Noticed an accursed
   159 | D        | Killed a fleshlord
   159 | D        | Noticed a fleshlord
   160 | D        | Noticed a fleshlord
   160 | D        | Noticed a fleshlord
   160 | D        | Killed a tyrant
   160 | D        | Killed a tyrant
   160 | D        | Slain by a fleshlord

Vault maps used:
D:        meatsprint

Skill      XL: |  1  2  3  4  5  6  7  8  9 10 11 12 13 14 15 16 17 18 19 20 21 22 23 |
---------------+----------------------------------------------------------------------+-----
Fighting       | 14 16 19 20 21 23 26 27 | 27.0
Axes           | 16 18 21 23 24 27 | 27.0
Dodging        | 12 14 16 18 20 23 27 | 27.0
Invocations    | 14 16 18 20 21 23 26 27 | 27.0
Throwing       | 9 15 20 22 26 27 | 27.0
Armour         | 9 15 20 22 26 27 | 27.0
Stealth        | 11 19 24 27 | 27.0
Unarmed Combat | 11 18 23 25 27 | 27.0
Spellcasting   | 8 14 18 21 24 27 | 27.0

Action                   |  1- 3 |  4- 6 |  7- 9 | 10-12 | 13-15 | 16-18 | 19-21 | 22-24 | 25-27 || total
-------------------------+-------+-------+-------+-------+-------+-------+-------+-------+-------++-------
Melee: Executioner's axe |     1 |       |       |     1 |     2 |     2 |     2 |     6 |    92 ||   106
Armor: Leather armour    |       |       |       |       |       |       |       |       |     5 ||     5
Dodge: Dodged            |       |       |       |       |       |     1 |       |       |    41 ||    42

Table legend:
 A = Spawn XP
 B = Non-spawn XP
 C = Spawn XP percentage of total XP
 D = Spawn monster count
 E = Non-spawn monster count
 F = Spawn count percentage of total count
 G = Total turns spent on level
                    A         B        C        D         E        F      G
               +---------+---------+-------+---------+---------+-------+---------
         Total |       0 | 8999999 |   0.0 |       0 |     279 |   0.0 |   160
               +---------+---------+-------+---------+---------+-------+---------
             D |       0 | 8999999 |   0.0 |       0 |     279 |   0.0 |   160
               +---------+---------+-------+---------+---------+-------+---------
